PA
WALLA WALLA WALLEYE @ SOUTH BEACH BLAZE
08/23/2025
 
TOP OF THE 1ST
Walla Walla Walleye batting - Pitching for South Beach Blaze : RHP Malulani Anakone
Pitching: RHP Malulani Anakone
Batting: RHB Tom Milligan 0-0: Ball
1-0: Ground out 1-3 (Groundball, 13S)
Batting: RHB Isuru Tanaka 0-0: Swinging Strike
0-1: Swinging Strike
0-2: Ball
1-2: Strikes out looking
Batting: LHB Michael Malloy 0-0: Foul Ball, location: 2F
0-1: Ball
1-1: Ball
2-1: Swinging Strike
2-2: Foul Ball, location: 2F
2-2: Fly out, F7 (Flyball, 7S)
Top of the 1st over - 0 run(s), 0 hit(s), 0 error(s), 0 left on base; Walla Walla 0 - South Beach 0
BOTTOM OF THE 1ST
South Beach Blaze batting - Pitching for Walla Walla Walleye : LHP Luis Domínguez
Pitching: LHP Luis Domínguez
Batting: RHB Steve Irwin 0-0: Called Strike
0-1: Ball
1-1: Called Strike
1-2: Fly out, F7 (Flyball, 7S)
Batting: RHB Eduardo Rivera 0-0: Ball
1-0: Foul Ball, location: 2F
1-1: Foul Ball, location: 2F
1-2: Ball
2-2: Ball
3-2: Base on Balls
Batting: RHB Pau Arria 0-0: Ball
1-0: Called Strike
1-1: Swinging Strike
1-2: Strikes out swinging
Batting: LHB Jacob Herman 0-0: Ball
1-0: Ball
2-0: Called Strike
2-1: Foul Ball, location: 2F
2-2: Strikes out swinging
Bottom of the 1st over - 0 run(s), 0 hit(s), 0 error(s), 1 left on base; Walla Walla 0 - South Beach 0
TOP OF THE 2ND
Walla Walla Walleye batting - Pitching for South Beach Blaze : RHP Malulani Anakone
Batting: RHB Jing-sheng Joo 0-0: Ball
1-0: Called Strike
1-1: Ball
2-1: Called Strike
2-2: Ball
3-2: Strikes out looking
Batting: LHB Gareth Monahan 0-0: Ball
1-0: Ball
2-0: Ball
3-0: Base on Balls
Batting: RHB Maik Palen 0-0: Foul Ball, location: 2F
0-1: Fly out, F9 (Flyball, 9LM)
Batting: RHB Juan Martínez 0-0: Ball
Wild Pitch!
Gareth Monahan to second
1-0: Foul Ball, location: 2F
1-1: Swinging Strike
1-2: Ground out 5-3 (Groundball, 56)
Top of the 2nd over - 0 run(s), 0 hit(s), 0 error(s), 1 left on base; Walla Walla 0 - South Beach 0
BOTTOM OF THE 2ND
South Beach Blaze batting - Pitching for Walla Walla Walleye : LHP Luis Domínguez
Batting: RHB José Barroca 0-0: Called Strike
0-1: Foul Ball, location: 2F
0-2: Ball
1-2: Foul Ball, location: 2F
1-2: Foul Ball, location: 2F
1-2: Fly out, F6 (Popup, 56D)
Batting: SHB José Rico 0-0: Ball
1-0: Ball
2-0: Called Strike
2-1: Ball
3-1: Foul Ball, location: 2F
3-2: Foul Ball, location: 2F
3-2: SINGLE (Line Drive, 6MD)
Batting: RHB Raúl Chávez 0-0: Ball
1-0: Ball
2-0: SINGLE (Line Drive, 34)
José Rico to second
Runner from 2nd tries for 3rd, SAFE, throw made to third
Batting: LHB Jorge Alejándrez 0-0: Ball
1-0: Ball
2-0: Ball
Raúl Chávez steals 2nd base
3-0: Called Strike
3-1: Ground out 3-1 (Groundball, 34S)
José Rico scores
Raúl Chávez to third
Batting: RHB António Ramírez 0-0: Swinging Strike
0-1: Ball
1-1: Ground out 5-3 (Groundball, 56S)
Bottom of the 2nd over - 1 run(s), 2 hit(s), 0 error(s), 1 left on base; Walla Walla 0 - South Beach 1
TOP OF THE 3RD
Walla Walla Walleye batting - Pitching for South Beach Blaze : RHP Malulani Anakone
Batting: SHB Horatio McAllister 0-0: Called Strike
0-1: Ball
1-1: Ball
2-1: Foul Ball, location: 2F
2-2: Ball
3-2: Fly out, F7 (Flyball, 7S)
Batting: RHB Randolph Descoteaux 0-0: Swinging Strike
0-1: Ball
1-1: Foul Ball, location: 2F
1-2: Strikes out looking
Batting: RHB Tom Milligan 0-0: Called Strike
0-1: DOUBLE (Groundball, 3L)
Batting: RHB Isuru Tanaka 0-0: Ball
1-0: Ball
2-0: Fly out, F8 (Line Drive, 8LM)
Top of the 3rd over - 0 run(s), 1 hit(s), 0 error(s), 1 left on base; Walla Walla 0 - South Beach 1
BOTTOM OF THE 3RD
South Beach Blaze batting - Pitching for Walla Walla Walleye : LHP Luis Domínguez
Batting: RHB Steve Irwin 0-0: Ball
1-0: SOLO HOME RUN (Flyball, 7LD), Distance : 369 ft
Batting: RHB Eduardo Rivera 0-0: Foul Ball, location: 2F
0-1: Ball
1-1: SINGLE (Groundball, 4MD)
Batting: RHB Pau Arria 0-0: Called Strike
0-1: Grounds into double play, 6-4-3 (Groundball, 6)
Batting: LHB Jacob Herman 0-0: Swinging Strike
0-1: Swinging Strike
0-2: Ball
1-2: Ball
2-2: Foul Ball, location: 2F
2-2: Strikes out swinging
Bottom of the 3rd over - 1 run(s), 2 hit(s), 0 error(s), 0 left on base; Walla Walla 0 - South Beach 2
TOP OF THE 4TH
Walla Walla Walleye batting - Pitching for South Beach Blaze : RHP Malulani Anakone
Batting: LHB Michael Malloy 0-0: Ball
1-0: Called Strike
1-1: Called Strike
1-2: Strikes out swinging
Batting: RHB Jing-sheng Joo 0-0: Fly out, F6 (Popup, 56D)
Batting: LHB Gareth Monahan 0-0: Called Strike
0-1: Fly out, F9 (Flyball, 9LDF)
Top of the 4th over - 0 run(s), 0 hit(s), 0 error(s), 0 left on base; Walla Walla 0 - South Beach 2
BOTTOM OF THE 4TH
South Beach Blaze batting - Pitching for Walla Walla Walleye : LHP Luis Domínguez
Batting: RHB José Barroca 0-0: Ball
1-0: Ball
2-0: Swinging Strike
2-1: SINGLE (Groundball, 56D)
Batting: SHB José Rico 0-0: Ball
1-0: Fly out, F8 (Flyball, 78D)
Batting: RHB Raúl Chávez 0-0: Ball
1-0: Swinging Strike
1-1: Swinging Strike
1-2: Foul Ball, location: 2F
1-2: Ball
2-2: Foul Ball, location: 2F
2-2: Foul Ball, location: 2F
2-2: Foul Ball, location: 2F
2-2: Ball
3-2: Strikes out looking
Batting: LHB Jorge Alejándrez 0-0: Ball
Wild Pitch!
José Barroca to second
1-0: Ground out U3 (Groundball, 3L)
Bottom of the 4th over - 0 run(s), 1 hit(s), 0 error(s), 1 left on base; Walla Walla 0 - South Beach 2
TOP OF THE 5TH
Walla Walla Walleye batting - Pitching for South Beach Blaze : RHP Malulani Anakone
Batting: RHB Maik Palen 0-0: Ground out 5-3 (Groundball, 56)
Batting: RHB Juan Martínez 0-0: Called Strike
0-1: Called Strike
0-2: Ground out 1-3 (Groundball, 15S)
Batting: SHB Horatio McAllister 0-0: Called Strike
0-1: Ball
1-1: Ball
2-1: Fly out, F9 (Flyball, 89M)
Top of the 5th over - 0 run(s), 0 hit(s), 0 error(s), 0 left on base; Walla Walla 0 - South Beach 2
BOTTOM OF THE 5TH
South Beach Blaze batting - Pitching for Walla Walla Walleye : LHP Luis Domínguez
Batting: RHB António Ramírez 0-0: Ball
1-0: Foul Ball, location: 2F
1-1: Ball
2-1: Called Strike
2-2: Ball
3-2: Foul Ball, location: 2F
3-2: Strikes out swinging
Batting: RHB Steve Irwin 0-0: Called Strike
0-1: Swinging Strike
0-2: Foul Ball, location: 2F
0-2: Ball
1-2: Ball
2-2: Foul Ball, location: 2F
2-2: Ball
3-2: Fly out, F6 (Popup, 6S)
Batting: RHB Eduardo Rivera 0-0: Ball
1-0: Ball
2-0: Ball
3-0: Base on Balls
Batting: RHB Pau Arria 0-0: Ball
1-0: Fly out, F5 (Line Drive, 56)
Bottom of the 5th over - 0 run(s), 0 hit(s), 0 error(s), 1 left on base; Walla Walla 0 - South Beach 2
TOP OF THE 6TH
Walla Walla Walleye batting - Pitching for South Beach Blaze : RHP Malulani Anakone
Batting: RHB Randolph Descoteaux 0-0: Called Strike
0-1: Foul Ball, location: 2F
0-2: Strikes out swinging
Batting: RHB Tom Milligan 0-0: Ball
1-0: Ball
2-0: Called Strike
2-1: Foul Ball, location: 2F
2-2: Foul Ball, location: 2F
2-2: Ball
3-2: Base on Balls
Batting: RHB Isuru Tanaka 0-0: Fly out, F9 (Flyball, 9S)
Batting: LHB Michael Malloy 0-0: Called Strike
Tom Milligan is caught stealing 2nd base
Top of the 6th over - 0 run(s), 0 hit(s), 0 error(s), 0 left on base; Walla Walla 0 - South Beach 2
BOTTOM OF THE 6TH
South Beach Blaze batting - Pitching for Walla Walla Walleye : LHP Luis Domínguez
Batting: LHB Jacob Herman 0-0: Fly out, F9 (Line Drive, 9S)
Batting: RHB José Barroca 0-0: Ball
1-0: Called Strike
1-1: Ball
2-1: Foul Ball, location: 2F
2-2: Foul Ball, location: 2F
2-2: Ball
3-2: Base on Balls
Pitching: LHP Reid Garrett
Batting: SHB José Rico 0-0: Called Strike
0-1: Called Strike
0-2: Ball
1-2: Strikes out swinging
Batting: RHB Raúl Chávez 0-0: Called Strike
0-1: Foul Ball, location: 2F
0-2: Foul Ball, location: 2F
0-2: Hit by Pitch
José Barroca to second
Batting: LHB Jorge Alejándrez 0-0: Foul Ball, location: 2F
0-1: Foul Ball, location: 2F
0-2: Ball
1-2: Strikes out swinging
Bottom of the 6th over - 0 run(s), 0 hit(s), 0 error(s), 2 left on base; Walla Walla 0 - South Beach 2
TOP OF THE 7TH
Walla Walla Walleye batting - Pitching for South Beach Blaze : RHP Malulani Anakone
Batting: LHB Michael Malloy 0-0: Called Strike
0-1: Called Strike
0-2: Ball
1-2: Ball
2-2: Strikes out swinging
Batting: RHB Jing-sheng Joo 0-0: Ball
1-0: Ball
2-0: Called Strike
2-1: SINGLE (Line Drive, 4)
Pinch Runner at 1st Teofanía Contreras:
Batting: LHB Gareth Monahan 0-0: Ball
1-0: Fly out, F9 (Flyball, 9)
Batting: RHB Maik Palen 0-0: Ball
1-0: Ball
Teofanía Contreras steals 2nd base
2-0: Ball
3-0: Called Strike
3-1: Foul Ball, location: 2F
3-2: Base on Balls
Pinch Hitting: SHB David Martínez 0-0: Called Strike
0-1: Foul Ball, location: 2F
0-2: Foul Ball, location: 2F
0-2: Foul Ball, location: 2F
0-2: Ball
1-2: Ball
2-2: SINGLE (Line Drive, 34)
Teofanía Contreras to third
Maik Palen to second
Pinch Hitting: RHB Jerry Duke 0-0: Ball
1-0: Swinging Strike
1-1: Foul Ball, location: 2F
1-2: Strikes out swinging
Top of the 7th over - 0 run(s), 2 hit(s), 0 error(s), 3 left on base; Walla Walla 0 - South Beach 2
BOTTOM OF THE 7TH
South Beach Blaze batting - Pitching for Walla Walla Walleye : LHP Reid Garrett
Now at 3B: David Martínez
Now at SS: Teofanía Contreras
Now in CF: Jerry Duke
Batting: RHB António Ramírez 0-0: Ball
1-0: Ball
2-0: Called Strike
2-1: Swinging Strike
2-2: Foul Ball, location: 2F
2-2: Ball
3-2: Base on Balls
Batting: RHB Steve Irwin 0-0: Ball
1-0: Foul Ball, location: 2F
1-1: Swinging Strike
1-2: Fly out, F8 (Flyball, 78D)
Batting: RHB Eduardo Rivera 0-0: Ball
António Ramírez is caught stealing 2nd base
1-0: DOUBLE (Line Drive, 9LS)
Batting: RHB Pau Arria 0-0: Called Strike
0-1: Ball
1-1: SINGLE (Groundball, 6D)
Eduardo Rivera to third
Runner from 3rd tries for Home, SAFE, no throw
Batting: LHB Jacob Herman 0-0: Swinging Strike
0-1: Ball
1-1: Called Strike
1-2: Strikes out looking
Bottom of the 7th over - 1 run(s), 2 hit(s), 0 error(s), 1 left on base; Walla Walla 0 - South Beach 3
TOP OF THE 8TH
Walla Walla Walleye batting - Pitching for South Beach Blaze : RHP Malulani Anakone
Batting: RHB Randolph Descoteaux 0-0: Called Strike
0-1: Ball
1-1: Ball
2-1: Fly out, F9 (Flyball, 9LM)
Batting: RHB Tom Milligan 0-0: Swinging Strike
0-1: Ball
1-1: Ball
2-1: Foul Ball, location: 2F
2-2: Fly out, F8 (Flyball, 8RM)
Batting: RHB Isuru Tanaka 0-0: Swinging Strike
0-1: DOUBLE (Groundball, 5L)
Batting: LHB Michael Malloy 0-0: Ball
1-0: Ball
2-0: Swinging Strike
2-1: Swinging Strike
2-2: Strikes out looking
Top of the 8th over - 0 run(s), 1 hit(s), 0 error(s), 1 left on base; Walla Walla 0 - South Beach 3
BOTTOM OF THE 8TH
South Beach Blaze batting - Pitching for Walla Walla Walleye : LHP Reid Garrett
Batting: RHB José Barroca 0-0: Ball
1-0: Swinging Strike
1-1: Foul Ball, location: 2F
1-2: Ball
2-2: Ball
3-2: Foul Ball, location: 2F
3-2: Base on Balls
Batting: SHB José Rico 0-0: Ball
1-0: Bunted foul
1-1: Ball
2-1: Bunted foul
2-2: SINGLE (Groundball, 6) (infield hit)
José Barroca to second
Batting: RHB Raúl Chávez 0-0: Called Strike
0-1: SINGLE (Flyball, 9S)
José Barroca to third
José Rico to second
Pinch Hitting: RHB Dimian Menres 0-0: Called Strike
0-1: Swinging Strike
0-2: Ball
1-2: Foul Ball, location: 2F
1-2: Ball
2-2: Ball
3-2: Foul Ball, location: 2F
3-2: Base on Balls
José Barroca scores
José Rico to third
Raúl Chávez to second
Pitching: RHP Texidor Garbajosa
Batting: RHB António Ramírez 0-0: Foul Ball, location: 2F
0-1: Foul Ball, location: 2F
0-2: SINGLE (Line Drive, 56D)
José Rico scores
Raúl Chávez to third
Dimian Menres to second
Batting: RHB Steve Irwin 0-0: Grounds into double play, 6-4-3 (Groundball, 6)
Raúl Chávez scores
Dimian Menres to third
Batting: RHB Eduardo Rivera 0-0: Foul Ball, location: 2F
0-1: Ball
1-1: Called Strike
1-2: Strikes out swinging, 2-3 out at first.
Bottom of the 8th over - 3 run(s), 3 hit(s), 0 error(s), 1 left on base; Walla Walla 0 - South Beach 6
TOP OF THE 9TH
Walla Walla Walleye batting - Pitching for South Beach Blaze : RHP Malulani Anakone
Now in RF: Dimian Menres
Batting: RHB Teofanía Contreras 0-0: Called Strike
0-1: Ball
1-1: Called Strike
1-2: Strikes out looking
Pitching: LHP Pete Rhue
Batting: LHB Gareth Monahan 0-0: Called Strike
0-1: Ball
1-1: Ball
2-1: Swinging Strike
2-2: Ball
3-2: Strikes out swinging
Batting: RHB Maik Palen 0-0: Called Strike
0-1: Ball
1-1: Foul Ball, location: 2F
1-2: Ball
2-2: Ground out 5-3 (Groundball, 5L)
Top of the 9th over - 0 run(s), 0 hit(s), 0 error(s), 0 left on base; Walla Walla 0 - South Beach 6
Friday, December 30th, 2016 - OOTP Baseball 17.12 Build 75